 Dungeon Crawl Stone Soup version 0.18.1-8-gdd0e5ea (webtiles) character file.

36424 deorigin the Fencer (level 13, -1/104 HPs)
             Began as a Centaur Fighter on May 26, 2016.
             Was a High Priest of Okawaru.
             Slain by a yak (8 damage)
             ... on level 2 of the Lair of Beasts.
             The game lasted 01:06:46 (29857 turns).

deorigin the Fencer (Centaur Fighter)              Turns: 29857, Time: 01:06:47

Health: -1/104     AC: 10    Str: 18    XL:     13   Next: 52%
Magic:  20/20      EV:  3    Int: 11    God:    Okawaru [*****.]
Gold:   413        SH:  8    Dex: 15    Spells: 0 memorised, 12 levels left

rFire  . . .     SeeInvis .     E - +3 scimitar (flame)
rCold  . . .     Gourm    .     T - +0 chain mail
rNeg   . . .     Faith    .     I - +0 shield "Quutrush" {MR+ Slay+2}
rPois  +         Spirit   .     D - +0 hat of Entiuv {rPois Int+4 Slay+2}
rElec  .         Dismiss  .     y - +0 cloak
rCorr  .         Reflect  .     M - +0 pair of gloves
SustAt .         Harm     .     (no barding)
MR     +....                    (no amulet)
Stlth  ..........               (no ring)
                                g - ring of wizardry

@: very quick, somewhat resistant to hostile enchantments, extremely unstealthy
A: hooves 3, horns 1, deformed body, speed 2, tough skin 3
a: Heroism, Finesse, Renounce Religion


You were on level 2 of the Lair of Beasts.
You worshipped Okawaru.
Okawaru was extremely pleased with you.
You were hungry.

You visited 3 branches of the dungeon, and saw 17 of its levels.

You collected 999 gold pieces.
You spent 586 gold pieces at shops.

Inventory:

Hand Weapons
 c - a +1 great sword of electrocution
 h - a +0 scimitar of holy wrath
 s - a +1 demon blade of venom
 u - a +0 blowgun
 E - a +3 scimitar of flaming (weapon)
 Q - a +0 shortbow
 Z - the +12 quarterstaff of Bile {crush, +Inv MR+}
   (You took it off an orc wizard on level 8 of the Dungeon)

   It inflicts extra damage upon your enemies.
   It affects your resistance to hostile enchantments.
   It lets you turn invisible.
Missiles
 t - 15 tomahawks (quivered)
 w - 70 poisoned needles
 B - 8 javelins of returning
 R - 185 arrows
Armour
 y - a +0 cloak (worn)
 C - a +0 ring mail of cold resistance
 D - the +0 hat of Entiuv (worn) {rPois Int+4 Slay+2}
   (Okawaru gifted it to you on level 10 of the Dungeon)

   It affects your intelligence (+4).
   It affects your accuracy and damage with ranged weapons and melee attacks
   (+2).
   It protects you from poison.
 I - the +0 shield "Quutrush" (worn) {MR+ Slay+2}
   (You found it on level 12 of the Dungeon)

   It affects your accuracy and damage with ranged weapons and melee attacks
   (+2).
   It affects your resistance to hostile enchantments.
 M - a +0 pair of gloves (worn)
 T - a +0 chain mail (worn)
Jewellery
 g - a ring of wizardry (left hand)
 r - an uncursed ring of sustain attributes {unknown}
 L - an uncursed ring of protection from cold {unknown}
 U - an uncursed ring of ice {unknown}
Wands
 a - a wand of teleportation (4/9)
 b - a wand of acid (8/15)
 p - a wand of confusion (27/48)
 F - a wand of iceblast (1/15)
 K - a wand of paralysis (7/24)
 N - a wand of disintegration (13/24)
 Y - a wand of digging (12/24)
Scrolls
 i - 7 scrolls of teleportation
 l - 4 scrolls of fog
 m - 3 scrolls of blinking
 v - a scroll of holy word {unknown}
 x - 2 scrolls of fear
 z - 2 scrolls of magic mapping
 G - 5 scrolls of enchant armour
 H - 4 scrolls of amnesia {unknown}
 P - a scroll of enchant weapon
 S - 2 scrolls of recharging
 V - a scroll of brand weapon
Potions
 d - a potion of might
 e - a potion of haste
 j - a potion of berserk rage
 k - 2 potions of cancellation
 q - 6 potions of curing
 J - 2 potions of resistance
 W - 5 potions of invisibility
 X - 2 potions of heal wounds
Comestibles
 f - 9 bread rations
 n - a beef jerky
 o - a slice of pizza
 A - a meat ration
 O - 3 chunks of flesh


   Skills:
 * Level 6.6 Fighting
 + Level 17.7 Long Blades
 + Level 4.3 Armour
 - Level 2.1 Shields
 * Level 9.4 Invocations


You had 12 spell levels left.
You didn't know any spells.

Dungeon Overview and Level Annotations

Branches:
Dungeon (14/15)            Temple (1/1) D:4            Lair (2/8) D:11
    Orc (0/2) D:10         Vaults (0/5) D:13

Altars:
Ashenzari
Cheibriados
Fedhas
Gozag
Kikubaaqudgha
Nemelex Xobeh
Okawaru
Pakellas
Qazlal
Ru
Sif Muna
Trog
Vehumet
Xom
Yredelemnul
Zin
The Shining One

Shops:
D:8 ?(:   D:11 *?

Annotations:
D:3 Rationalist's ghost, amateur DsBe
D:10 Wooh's ghost, journeyman DrBe


Innate Abilities, Weirdness & Mutations

You have hooves in place of feet.
Armour fits poorly on your strangely shaped body.
You cover ground very quickly.
You have extremely tough skin (AC +3).
You have a pair of small horns on your head.


Message History

You are too injured to fight recklessly!
You are too injured to fight recklessly!
You are too injured to fight recklessly!
Your shield prevents you from hitting the yak.
You kick the yak.
The yak is lightly wounded.
You closely miss the yak. You kick the yak. You headbutt the yak.
The yak is moderately wounded.
You block the yak's attack. The yak gores you.
* * * LOW HITPOINT WARNING * * *
You slash the yak! You burn the yak. You kick the yak. You headbutt the yak.
The yak is almost dead.
You block the yak's attack. The yak barely misses you.
You slash the yak! You burn the yak.
You kill the yak!
Okawaru accepts your kill. The yak gores you!
* * * LOW HITPOINT WARNING * * *
You barely miss the yak. Your kick misses the yak. The yak gores you!
You die...

.................##
..#...............
..........P.......
..........P......
.................
.................
..#..............
..$.........<....
........@YP......
........††#......
.#.###..##......
>.. .... ...... .
....# ##.... ....#.
.#.. ..... . ......
.


You could see a yak.

Vanquished Creatures
  A vault guard (D:13)
  2 hydras (Lair:1)
  A death knight (D:12)
  A tengu warrior (D:13)
  Urug (D:12)
  A wizard (D:13)
  2 unseen horrors
  Pikel (D:5)
  4 hill giants
  3 necromancers (D:13)
  An orb spider (shapeshifter) (D:13)
  2 manticores
  3 ugly things
  A deep elf mage (D:13)
  5 cyclopes
  Joseph (D:10)
  2 spiny frogs (Lair:1)
  2 gargoyles
  An efreet (D:14)
  3 trolls
  Grinder (D:5)
  A harpy skeleton (D:13)
  Prince Ribbit (D:7)
  2 two-headed ogres
  A spriggan (D:7)
  2 wyverns (D:13)
  A vampire (D:13)
  39 yaks
  19 humans (D:13)
  A hog (shapeshifter) (D:14)
  2 basilisks
  4 hippogriffs
  Menkaure (D:5)
  2 hungry ghosts
  Edmund (D:6)
  3 water moccasins
  2 porcupines (Lair:1)
  5 sky beasts
  4 orc warriors
  2 eyes of draining (D:11)
  A wasp (D:10)
  A black bear (D:8)
  3 ice beasts
  A phantom (D:10)
  A necrophage (D:8)
  7 ogres
  4 centaurs
  3 crocodiles (Lair:1)
  17 giant frogs
  3 big kobolds
  A wyvern zombie (D:14)
  A gnoll sergeant (D:8)
  3 scorpions
  A wyvern skeleton (D:13)
  7 killer bees (D:9)
  17 wights
  A howler monkey (D:7)
  10 crimson imps
  A giant frog zombie (D:11)
  2 quasits (D:7)
  2 wasp zombies
  Crazy Yiuf (D:3)
  3 centaur zombies
  7 orc priests
  2 giant frog skeletons
  7 hounds
  A jelly (D:8)
  Jessica (D:3)
  3 centaur skeletons
  7 iguanas
  13 orc wizards
  8 worker ants
  8 sheep
  A hound zombie (D:9)
  A hound skeleton (D:9)
  A howler monkey skeleton (D:9)
  4 worker ant zombies
  Robin (D:3)
  11 gnolls
  13 river rats (Lair:1)
  17 adders
  A shadow imp (D:9)
  An adder skeleton (D:5)
  4 worms
  A dart slug (D:3)
  5 giant geckos
  52 orcs
  4 ball pythons
  8 bats
  5 giant cockroaches
  15 goblins
  18 hobgoblins
  11 jackals
  11 quokkas
  A giant cockroach zombie (D:6)
  2 giant newts
  18 kobolds
  6 rats
  A fungus (D:3)
493 creatures vanquished.

Vanquished Creatures (others)
  The ghost of Xiguana the Ruffian, an amateur VSMo (D:4)
  A crimson imp (D:5)
  3 orc wizards (D:4)
  A giant gecko (D:5)
  An orc (D:5)
  2 fungi (Lair:1)
  A plant (Lair:1)
10 creatures vanquished.

Grand Total: 503 creatures vanquished

Notes
Turn   | Place    | Note
--------------------------------------------------------------
     0 | D:1      | deorigin the Centaur Fighter began the quest for the Orb.
     0 | D:1      | Reached XP level 1. HP: 19/19 MP: 1/1
   175 | D:1      | Reached skill level 2 in Long Blades
   330 | D:1      | Reached XP level 2. HP: 20/26 MP: 2/2
  1018 | D:2      | Reached skill level 3 in Long Blades
  1299 | D:2      | Reached XP level 3. HP: 26/31 MP: 3/3
  1763 | D:3      | Noticed Jessica
  1771 | D:3      | Killed Jessica
  1771 | D:3      | Reached skill level 4 in Long Blades
  1771 | D:3      | Reached XP level 4. HP: 38/38 MP: 4/4
  1897 | D:3      | Noticed Robin
  1964 | D:3      | Killed Robin
  2031 | D:3      | Noticed Rationalist's ghost (amateur DsBe)
  2124 | D:2      | Reached XP level 5. HP: 13/45 MP: 5/5
  2697 | D:3      | Reached skill level 5 in Long Blades
  2746 | D:3      | Found a deep blue altar of Sif Muna.
  3776 | D:3      | Reached XP level 6. HP: 43/51 MP: 6/6
  4097 | D:3      | Reached skill level 6 in Long Blades
  4703 | D:3      | Noticed Crazy Yiuf
  4708 | D:3      | Killed Crazy Yiuf
  4834 | D:4      | Found a staircase to the Ecumenical Temple.
  4842 | D:4      | Killed Xiguana's ghost
  4850 | Temple   | Entered the Ecumenical Temple
  4856 | Temple   | Became a worshipper of Warmaster Okawaru
  5776 | D:4      | Reached skill level 7 in Long Blades
  5776 | D:4      | Reached XP level 7. HP: 46/57 MP: 7/7
  5938 | D:4      | Found a stormy altar of Qazlal.
  6070 | D:5      | Entered Level 5 of the Dungeon
  6076 | D:5      | Noticed Grinder
  6319 | D:5      | Noticed Menkaure
  6358 | D:5      | Killed Menkaure
  6374 | D:5      | Killed Grinder
  6374 | D:5      | Reached * piety under Okawaru
  6374 | D:5      | Reached skill level 8 in Long Blades
  6652 | D:5      | Noticed Pikel
  6683 | D:5      | Killed Pikel
  6683 | D:5      | Reached ** piety under Okawaru
  6683 | D:5      | Reached skill level 9 in Long Blades
  6683 | D:5      | Reached XP level 8. HP: 52/63 MP: 7/10
  7199 | D:5      | Found a deep blue altar of Sif Muna.
  7298 | D:5      | Reached *** piety under Okawaru
  7298 | D:5      | Reached skill level 10 in Long Blades
  7432 | D:6      | Found an opulent altar of Gozag.
  7503 | D:6      | Reached XP level 9. HP: 69/69 MP: 12/12
  7569 | D:6      | Noticed Edmund
  7577 | D:6      | Killed Edmund
  8224 | D:7      | Reached skill level 11 in Long Blades
  8712 | D:7      | Noticed Prince Ribbit
  8727 | D:7      | HP: 2/69 [Prince Ribbit (10)]
  8764 | D:7      | Killed Prince Ribbit
  8764 | D:7      | Reached **** piety under Okawaru
  9217 | D:7      | Reached skill level 12 in Long Blades
  9567 | D:8      | Found Unonti's Book Emporium.
  9601 | D:8      | Reached XP level 10. HP: 54/77 MP: 13/13
  9665 | D:7      | HP: 3/77 [quasit (2)]
 10961 | D:8      | Found Kameawae's Magic Scroll Boutique.
 10973 | D:8      | Bought a scroll of blinking for 90 gold pieces
 10973 | D:8      | Bought a scroll of identify for 24 gold pieces
 10973 | D:8      | Bought a scroll of enchant armour for 90 gold pieces
 10973 | D:8      | Bought a scroll of enchant weapon for 90 gold pieces
 10982 | D:8      | Found Iskitoko's Antique Weapon Boutique.
 10985 | D:8      | Bought a glowing scimitar for 96 gold pieces
 11235 | D:8      | Reached skill level 13 in Long Blades
 11250 | D:8      | Reached ***** piety under Okawaru
 11267 | D:8      | Got an ivory quarterstaff {crush}
 11398 | D:8      | Found a blossoming altar of Fedhas.
 11735 | D:9      | Identified the +12 quarterstaff of Bile {crush, +Inv MR+} (You took it off an orc wizard on level 8 of the Dungeon)
 12230 | D:10     | Entered Level 10 of the Dungeon
 12239 | D:10     | Noticed a hill giant
 13898 | D:9      | Reached skill level 5 in Invocations
 14170 | D:9      | Reached skill level 14 in Long Blades
 14485 | D:10     | Noticed a hill giant
 14741 | D:10     | Noticed a hill giant
 14750 | D:10     | Killed a hill giant
 14750 | D:10     | Reached XP level 11. HP: 65/82 MP: 13/15
 16705 | D:10     | Reached skill level 15 in Long Blades
 16861 | D:10     | Killed a hill giant
 16861 | D:10     | Received a gift from Okawaru
 16867 | D:10     | Noticed Joseph
 16880 | D:10     | Killed Joseph
 16880 | D:10     | Received a gift from Okawaru
 16881 | D:10     | Got a shimmering hat {god gift}
 16996 | D:10     | Found a staircase to the Orcish Mines.
 17148 | D:10     | Identified the +0 hat of Entiuv {rPois Int+4 Slay+2} (Okawaru gifted it to you on level 10 of the Dungeon)
 17201 | D:10     | Noticed Wooh's ghost (journeyman DrBe)
 17725 | D:10     | Killed a hill giant
 18452 | D:11     | Found Uwkat's Magic Scroll Boutique.
 18469 | D:11     | Bought a scroll of blinking for 90 gold pieces
 18469 | D:11     | Bought a scroll of enchant armour for 90 gold pieces
 18647 | D:11     | Found a staircase to the Lair.
 18657 | D:11     | Found Atadyne's Assorted Antiques.
 18667 | D:11     | Bought a scroll labeled LIL REODAGEPN for 16 gold pieces
 19542 | D:12     | Noticed a green ugly thing
 19552 | D:12     | Killed a green ugly thing
 19911 | D:12     | Noticed a red ugly thing
 19935 | D:12     | Reached skill level 16 in Long Blades
 19946 | D:12     | Killed a red ugly thing
 19946 | D:12     | Reached XP level 12. HP: 65/89 MP: 15/17
 20902 | D:12     | Noticed Urug
 20922 | D:12     | Killed Urug
 21723 | D:12     | Received a gift from Okawaru
 21883 | D:12     | Got a steaming shield
 21891 | D:12     | Identified the cursed +0 shield "Quutrush" {MR+ Slay+2} (You found it on level 12 of the Dungeon)
 22187 | D:12     | Noticed a death knight
 22199 | D:12     | Killed a death knight
 22713 | D:13     | Noticed a tengu warrior
 23164 | Lair:1   | Entered Level 1 of the Lair of Beasts
 23172 | Lair:1   | Reached skill level 17 in Long Blades
 23362 | Lair:1   | Noticed a six-headed hydra
 23795 | Lair:1   | Noticed a four-headed hydra
 23822 | Lair:1   | Killed a four-headed hydra
 24713 | D:13     | Killed a tengu warrior
 25549 | D:13     | Reached XP level 13. HP: 78/99 MP: 19/19
 26340 | D:13     | Reached skill level 5 in Fighting
 26341 | D:13     | Noticed a vault guard
 26351 | D:13     | Paralysed by a wizard for 5 turns
 26370 | D:13     | Killed a vault guard
 26738 | D:13     | Gained mutation: You have a pair of small horns on your head. [potion of beneficial mutation]
 26840 | D:13     | HP: 5/102 [cyan ugly thing (17)]
 27632 | D:13     | Found a gate to the Vaults.
 28164 | D:14     | Received a gift from Okawaru
 29857 | Lair:2   | Slain by a yak

Skill      XL: |  1  2  3  4  5  6  7  8  9 10 11 12 13 |
---------------+----------------------------------------+-----
Long Blades    | 2 3 4 5 7 9 10 12 14 16 17 | 17.7
Invocations    | 2 4 5 7 8 9 |  9.4
Fighting       | 4 6 |  6.6
Armour         | 4 |  4.3
Shields        | |  2.1

Action                   |  1- 3 |  4- 6 |  7- 9 | 10-12 | 13-15 || total
-------------------------+-------+-------+-------+-------+-------++-------
Melee: Long sword        |   115 |   163 |       |       |       ||   278
       Kick              |    19 |    75 |    70 |   208 |    76 ||   448
       Short sword       |       |   173 |   320 |   195 |       ||   688
       Dagger            |       |       |    22 |    46 |       ||    68
       Great sword       |       |       |       |   687 |   172 ||   859
       Scimitar          |       |       |       |    16 |    71 ||    87
       Dire flail        |       |       |       |     8 |       ||     8
       Headbutt          |       |       |       |       |    38 ||    38
 Fire: Blowgun           |       |       |     4 |       |       ||     4
       Shortbow          |       |       |       |     3 |       ||     3
Throw: Tomahawk          |       |       |       |    17 |       ||    17
Invok: Heroism           |       |       |       |    30 |     4 ||    34
  Use: Scroll            |       |       |    18 |    13 |     1 ||    32
       Potion            |       |       |     1 |       |     1 ||     2
  Eat: Chunk             |     2 |    11 |     9 |    37 |    10 ||    69
       Pizza             |       |       |     1 |     4 |       ||     5
       Royal jelly       |       |       |       |     1 |       ||     1
       Fruit             |       |       |       |     3 |       ||     3
       Beef jerky        |       |       |       |     1 |       ||     1
       Meat ration       |       |       |       |       |     1 ||     1
Armor: Scale mail        |    50 |   105 |       |       |       ||   155
       Ring mail         |       |    14 |    59 |       |       ||    73
       Chain mail        |       |       |    88 |   573 |    83 ||   744
Dodge: Dodged            |    22 |    68 |    47 |   205 |    36 ||   378
Block: Shield            |    63 |   140 |   100 |    84 |    23 ||   410
